 Dungeon Crawl Stone Soup version 0.21.1-1-g345015f (webtiles) character file.

88 Iko the Ducker (level 4, -2/24 HPs)
             Began as a Spriggan Berserker on June 14, 2018.
             Was an Initiate of Ru.
             Killed by divine providence
             ... invoked by an orc priest
              (13 damage)
             ... on level 4 of the Dungeon.
             The game lasted 00:05:53 (502 turns).

Iko the Ducker (Spriggan Berserker)                  Turns: 502, Time: 00:05:54

Health: -2/24      AC:  9    Str: 13    XL:     4   Next: 29%
Magic:  5/5        EV: 18    Int:  9    God:    Ru [......]
Gold:   35         SH:  0    Dex: 15    Spells: 3/3 levels left

rFire    . . .     SeeInvis +   a - +0 long sword
rCold    . . .     Gourm    .   (shield restricted)
rNeg     . . .     Faith    .   d - quicksilver dragon scales
rPois    .         Spirit   .   (helmet restricted)
rElec    .         Reflect  .   (no cloak)
rCorr    .         Harm     .   (gloves unavailable)
MR       +....                  (boots unavailable)
Stlth    +.........             (no amulet)
HPRegen  0.08/turn              (no ring)
MPRegen  0.09/turn              (no ring)

@: slowed, quick
A: very small, unfitting armour, see invisible, herbivore, speed 3, slow
metabolism 2
a: Renounce Religion


You were on level 4 of the Dungeon.
You worshipped Ru.
Ru was noncommittal.
You were not hungry.

You visited 2 branches of the dungeon, and saw 5 of its levels.

You collected 35 gold pieces.

Inventory:

Hand Weapons
 a - a +0 long sword (weapon)
Armour
 d - quicksilver dragon scales (worn)
Comestibles
 b - 2 rations


   Skills:
 + Level 3.0 Fighting
 + Level 0.5 Long Blades
   Level 0.4 Maces & Flails
 + Level 0.4 Armour
 + Level 5.5 Dodging
 + Level 0.2 Stealth
 + Level 2.8 Unarmed Combat


You had 3 spell levels left.
You didn't know any spells.

Dungeon Overview and Level Annotations

Branches:
Dungeon (4/15)             Temple (1/1) D:4

Altars:
Ru
Yredelemnul


Innate Abilities, Weirdness & Mutations

You are very small and have problems with some larger weapons.
You are too small for most types of armour.
You have supernaturally acute eyesight. (SInv)
You are a herbivore.
You cover ground extremely quickly.
You need consume almost no food.


Message History

You hit the orc priest but do no damage.
The orc priest completely misses you.
The orc priest hits you but does no damage.
You slash the orc priest!
The orc priest is heavily wounded.
The orc wizard gestures wildly while chanting.
The orc wizard flickers and vanishes for a moment.
The orc priest hits you but does no damage.
Your quicksilver dragon scales prevents you from hitting the orc priest.
The orc priest is heavily wounded.
The orc priest hits you but does no damage.
The orc priest mumbles some strange prayers to Beogh against you.
Beogh smites you!
Ouch! That really hurt!
You hit the orc priest.
The orc priest is almost dead.
The orc priest mumbles some strange prayers to Beogh against you.
Beogh smites you!
Ouch! That really hurt!
You die...

#.........#........#
..#
..........#..<..####
.# ................#
# ......##.....o..#
......##......###
......##.†...o#
########......#
#.......########.)
##......oo@......#
#......########)#
#####...# #.#...#
#.#.#.# #.....#
###.### .#


You could see an orc priest and an orc wizard (invisible).

Vanquished Creatures
  2 worker ants (D:4)
  An adder (D:4)
  An ooze (D:1)
  A worm (D:4)
  2 leopard geckos (D:3)
  5 orcs
  A giant cockroach (D:4)
  2 goblins (D:3)
  A bat (D:1)
  A frilled lizard (D:3)
  A goblin zombie (D:3)
  A kobold (D:1)
  4 rats
23 creatures vanquished.

Notes
Turn   | Place    | Note
-------+----------+-------------------------------------------
     0 | D:1      | Iko the Spriggan Berserker began the quest for the Orb.
     0 | D:1      | Reached XP level 1. HP: 11/11 MP: 2/2
   148 | D:3      | Reached XP level 2. HP: 16/16 MP: 3/3
   234 | D:3      | Found a runed door.
   234 | D:3      | Noticed a human
   236 | D:3      | Found a basalt altar of Yredelemnul.
   309 | D:4      | Found a staircase to the Ecumenical Temple.
   320 | D:4      | Reached skill level 5 in Dodging
   320 | D:4      | Reached XP level 3. HP: 15/19 MP: 4/4
   335 | Temple   | Entered the Ecumenical Temple
   358 | Temple   | Fell from the grace of Trog
   358 | Temple   | Became a worshipper of Ru the Awakened
   440 | D:4      | Reached XP level 4. HP: 8/24 MP: 5/5
   502 | D:4      | Killed from afar by an orc priest

Skill      XL: |  1  2  3 |
---------------+----------+-----
Dodging        | 5 |  5.5
Fighting       | 3 |  3.0
Long Blades    | |  0.5
Maces & Flails | |  0.4
Armour         | |  0.4
Stealth        | |  0.2
Unarmed Combat | |  2.8

Action                   |  1- 3 |  4- 6 || total
-------------------------+-------+-------++-------
Melee: Whip              |    22 |       ||    22
       Unarmed           |     3 |       ||     3
       Mace              |    22 |       ||    22
       Long sword        |    23 |    10 ||    33
Invok: Berserk           |     1 |       ||     1
  Use: Scroll            |     2 |       ||     2
       Potion            |     1 |     1 ||     2
Armor: Animal skin       |     2 |       ||     2
       Quicksilver drago |    13 |     5 ||    18
Dodge: Dodged            |    77 |     5 ||    82
       Rpst.: Long sword |    17 |     1 ||    18
